 Dungeon Crawl Stone Soup version 0.30-a0-694-g3340775977 (webtiles) character file.

Game seed: 770075375369066126

4869 Alitron123 the Basher (level 10, -12/97 HPs)
             Began as a Gargoyle Berserker on Jan 20, 2023.
             Was an Elder of Trog.
             Killed from afar by an acid dragon (32 damage)
             ... with a splash of acid
             ... on level 9 of the Dungeon.
             The game lasted 00:16:14 (6506 turns).

Alitron123 the Basher (Gargoyle Berserker)          Turns: 6506, Time: 00:16:15

Health: -12/97     AC: 20    Str: 30    XL:     10   Next: 50%
Magic:  10/10      EV: 11    Int:  7    God:    Trog [****..]
Gold:   430        SH:  0    Dex: 13    Spells: 9/9 levels left

rFire   . . .      SeeInvis .    c - +6 demon whip (chaos)
rCold   + . .      Faith    .    (no shield)
rNeg    + . .      Spirit   .    d - +1 chain mail {Will+}
rPois   ∞          Reflect  .    (no helmet)
rElec   +          Harm     .    (no cloak)
rCorr   .          Rampage  .    o - +0 pair of gloves
Will    ++...                    (no boots) Stlth
                                 n - amulet of regeneration
HPRegen 1.16/turn                i - ring of willpower
MPRegen 0.12/turn                p - +6 ring of strength

@: berserking, very quick
A: sickness immunity, AC +7, negative energy resistance 1, electricity
resistance, torment resistance 1, petrification resistance, agile 1, cold
resistance 1
a: Renounce Religion, Berserk, Trog's Hand, Brothers in Arms


You were on level 9 of the Dungeon.
You worshipped Trog.
Trog was greatly pleased with you.
You visited 2 branches of the dungeon, and saw 10 of its levels.

You collected 430 gold pieces.

Inventory:

Hand Weapons
 c - a +6 demon whip of chaos (weapon)
Missiles
 b - 2 throwing nets
 r - 6 javelins
Armour
 d - a +1 chain mail of willpower (worn)
 o - a +0 pair of gloves (worn)
 u - a +0 plate armour
Jewellery
 i - a ring of willpower (left hand)
 n - an amulet of regeneration (around neck)
 p - a +6 ring of strength (right hand)
 A - an amulet of the acrobat
 B - a +5 ring of evasion
Wands
 a - a wand of quicksilver (6)
 s - a wand of flame (55)
Scrolls
 e - a scroll of magic mapping
 f - a scroll of fear
 g - 3 scrolls of immolation
 m - 3 scrolls of teleportation
 w - a scroll of noise (quivered)
 x - a scroll of silence {unknown}
Potions
 h - a potion of berserk rage
 j - 2 potions of degeneration
 k - 5 potions of curing
 l - 2 potions of magic
 q - 3 potions of mutation
 t - 2 potions of flight
 v - 3 potions of lignification
 z - 2 potions of heal wounds
 C - a potion of ambrosia
 D - a potion of haste {unknown}


   Skills:
 * Level 8.6 Fighting
 + Level 10.5 Maces & Flails
 + Level 7.7 Armour
 * Level 4.7 Dodging
 - Level 0.6 Stealth


You had 9 spell levels left.
You didn't know any spells.
Your spell library was empty.

Dungeon Overview and Level Annotations

Branches:
Dungeon (9/15)             Temple (1/1) D:6
   Lair: D:8-11         Orc: D:9-12

Altars:
Ashenzari
Cheibriados
Dithmenos
Elyvilon
Fedhas
Gozag
Hepliaklqana
Kikubaaqudgha
Makhleb
Nemelex Xobeh
Okawaru
Qazlal
Ru
Sif Muna
Trog
Uskayaw
Yredelemnul
Zin
The Shining One

Shops:
D:5 *   D:6 :


Innate Abilities, Weirdness & Mutations

You are immune to sickness and miasma.
Your stone body is resilient. (AC +7)
You are immune to poison.
You resist negative energy. (rN+)
You are resistant to electric shocks. (rElec)
You are resistant to unholy torment.
You are immune to petrification.
You are agile. (Dex +4, Str/Int -1)
Your flesh is cold resistant. (rC+)


Message History

The centaur warrior hits you but does no damage.
The centaur warrior kicks you but does no damage.
The bullfrog barely misses you.
You see here a killer bee corpse.
You barely miss the centaur warrior. You punch the centaur warrior!
The centaur warrior is lightly wounded.
The centaur unwields a +0 shortbow.
The centaur hits you but does no damage.
The centaur barely misses you.
You thrash the centaur warrior!! You burn the centaur warrior.
The centaur warrior is heavily wounded.
The bullfrog hits you but does no damage.
The centaur warrior hits you.
* * * LOW HITPOINT WARNING * * *
The centaur warrior completely misses you.
You thrash the centaur warrior!! You freeze the centaur warrior!
You kill the centaur warrior!
Trog accepts your kill.
The centaur hits you but does no damage.
The centaur closely misses you. The bullfrog barely misses you.
You thrash the kobold brigand!!
The kobold brigand resists with significant effort.
The kobold brigand is severely wounded.
The centaur hits you.
* * * LOW HITPOINT WARNING * * *
The centaur misses you.
Okay, then.
You thrash the kobold brigand!!
You kill the kobold brigand!
Trog accepts your kill.
The bullfrog hits you but does no damage.
You whack the bullfrog!
The bullfrog is devoured by a tear in reality.
The centaur barely misses you.
The centaur kicks you but does no damage.
The centaur hits you but does no damage.
The centaur closely misses you. The acid dragon spits acid at you.
The splash of acid hits you!!
You die...

#.....#.. #...#
....#...#...#
####.#?..#...#.c
......#...#...#.
#.....#...#...#
...
.#.......)......
...
..........#.....
...####
.....#.D###+######
......+ #...
#c@'........
......# #..
#§†#......##
...#..# .
#.§#......#
......#
#..#......##.
....<.#
.#..#.........
#####.# ..
.#..#.###.....
#####.#
....#+##.........
......# ##
#....#####..[.
....###
##..#.##[#...# #.


You could see an acid dragon (catching breath) and a centaur.

Vanquished Creatures
  A centaur warrior (D:9)
  Pikel (D:6)
  Maggie (D:7)
  A troll (D:9)
  Sigmund (D:4)
  A wyvern (D:8)
  2 water moccasins
  Duvessa (D:7)
  An orc warrior (D:8)
  A black bear (D:6)
  An ice beast (D:6)
  A sky beast (D:7)
  An ogre (D:5)
  3 centaurs
  2 kobold brigands
  5 bullfrogs
  2 necrophages (D:5)
  4 wights (D:7)
  Dowan (D:7)
  4 killer bees
  3 howler monkeys
  4 jellies
  A hound (D:5)
  3 orc priests
  Jessica (D:3)
  4 iguanas
  Natasha (thrice) (D:4)
  5 orc wizards
  5 gnolls
  9 adders
  2 white imps
  2 worms
  2 dart slugs
  17 orcs
  7 bats
  5 endoplasms
  2 giant cockroaches
  14 hobgoblins
  8 kobolds
  3 quokkas
  8 ball pythons
  3 frilled lizards
  6 goblins
  4 rats
156 creatures vanquished.

Vanquished Creatures (others)
  A quokka (D:7)
1 creature vanquished.

Grand Total: 157 creatures vanquished

Notes
Turn   | Place    | Note
-------+----------+-------------------------------------------
     0 | D:1      | Alitron123 the Gargoyle Berserker began the quest for the
                  | Orb.
     0 | D:1      | Reached XP level 1. HP: 14/14 MP: 1/1
   552 | D:1      | Reached XP level 2. HP: 19/19 MP: 2/2
   962 | D:2      | Reached XP level 3. HP: 22/24 MP: 3/3
  1200 | D:2      | Reached ** piety under Trog
  1287 | D:2      | Reached XP level 4. HP: 29/29 MP: 4/4
  1630 | D:3      | Reached skill level 4 in Maces & Flails
  2041 | D:3      | Noticed Jessica
  2047 | D:3      | Killed Jessica
  2048 | D:3      | Reached XP level 5. HP: 32/33 MP: 5/5
  2318 | D:3      | Identified a scroll of acquirement
  2324 | D:3      | Acquired a +5 demon whip of freezing
  2353 | D:4      | Noticed a water moccasin
  2358 | D:4      | Killed a water moccasin
  2359 | D:4      | Reached skill level 5 in Maces & Flails
  2359 | D:4      | Reached XP level 6. HP: 36/39 MP: 6/6
  2408 | D:4      | Noticed Sigmund
  2413 | D:4      | Killed Sigmund
  2455 | D:4      | Reached XP level 7. HP: 44/44 MP: 7/7
  2567 | D:4      | Noticed Natasha
  2570 | D:4      | Killed Natasha
  2653 | D:4      | Noticed Natasha
  2656 | D:4      | Killed Natasha
  2920 | D:4      | Noticed Natasha
  2926 | D:4      | Killed Natasha
  2926 | D:4      | Reached *** piety under Trog
  3005 | D:4      | Reached skill level 5 in Fighting
  3062 | D:5      | Entered Level 5 of the Dungeon
  3068 | D:5      | Reached skill level 6 in Maces & Flails
  3096 | D:5      | Reached skill level 5 in Armour
  3132 | D:5      | Found Nuurocho's General Store.
  3177 | D:5      | Reached XP level 8. HP: 50/50 MP: 8/8
  3257 | D:5      | Reached skill level 7 in Maces & Flails
  3677 | D:5      | Gained mutation: You are agile. (Dex +4, Str/Int -1)
                  | [potion of mutation]
  3677 | D:5      | Gained mutation: Your flesh is cold resistant. (rC+)
                  | [potion of mutation]
  3862 | D:6      | Found a staircase to the Ecumenical Temple.
  3875 | D:6      | Found an iron altar of Okawaru.
  4043 | D:6      | Found Nitipnarch's Vocational Training.
  4084 | D:6      | Noticed Pikel
  4099 | D:6      | Killed Pikel
  4100 | D:6      | Reached skill level 8 in Maces & Flails
  4100 | D:6      | Reached XP level 9. HP: 54/56 MP: 9/9
  4444 | Temple   | Entered the Ecumenical Temple
  4638 | D:7      | Noticed Duvessa
  4639 | D:7      | Noticed Dowan
  4645 | D:7      | Killed Duvessa
  4652 | D:7      | Killed Dowan
  4677 | D:7      | Found a white marble altar of Elyvilon.
  4716 | D:7      | Reached **** piety under Trog
  4818 | D:7      | Reached skill level 9 in Maces & Flails
  4855 | D:7      | Identified the +8 rapier of Kuor {holy, *Noise +Blink rN+
                  | Stlth+}
  4864 | D:7      | Noticed Maggie
  4876 | D:7      | Killed Maggie
  5124 | D:7      | Found a blossoming altar of Fedhas.
  5616 | D:8      | Reached XP level 10. HP: 63/64 MP: 10/10
  5620 | D:8      | Found a snail-covered altar of Cheibriados.
  5680 | D:8      | Found an opulent altar of Gozag.
  5698 | D:8      | Reached skill level 10 in Maces & Flails
  5829 | D:8      | Found a hide-covered altar of Uskayaw.
  6097 | D:8      | Found a stormy altar of Qazlal.
  6484 | D:9      | Noticed a centaur warrior
  6487 | D:9      | Noticed a wizard
  6502 | D:9      | Killed a centaur warrior
  6506 | D:9      | Killed from afar by an acid dragon

Illustrated notes

Levels and vault maps discovered:
D:1:      dpeg_arrival_erosion, layout_basic, chequers_serial_rivers_micro_e
D:2:      layout_loops_ring
D:3:      layout_rooms, nicolae_hexahallways,
          amcnicky_mini_rare_corridor_liquid, uniq_jessica
D:4:      layout_basic, kennysheep_orc_chapel, uniq_sigmund, uniq_natasha
D:5:      corexii_shack_village, layout_loops_ring, serial_shops,
          nicolae_square_shop
D:6:      layout_basic, mainiacjoe_overflow_catwalk,
          minmay_temple_entry_gardened_gates, serial_glass, glass_columns_a,
          glass_columns_c, glass_columns_a, glass_columns_a, grunt_decor_cap,
          nicolae_shop_vocational, uniq_pikel
D:7:      layout_basic, fedhas_altar_2, elyvilon_altar_4, uniq_maggie,
          uniq_duvessa
D:8:      layout_gridville, mainiacjoe_overflow_concentric_impassable,
          nicolae_qazlal_style_of_elements, nicolae_overflow_hidden_temple,
          mainiacjoe_overflow_paths
D:9:      cheibrodos_fzero, layout_stronghold, uniq_joseph
Temple:   nicolae_temple_slightly_damp_pantheon

Skill      XL: |  1  2  3  4  5  6  7  8  9 10 |
---------------+-------------------------------+-----
Fighting       | 4 5 6 7 8 |  8.6
Maces & Flails | 4 5 6 8 9 10 | 10.5
Dodging        | 2 3 4 |  4.7
Armour         | 3 4 5 6 7 |  7.7
Stealth        | |  0.6

Action                   |  1- 3 |  4- 6 |  7- 9 | 10-12 || total
-------------------------+-------+-------+-------+-------++-------
Melee: Mace              |   109 |   101 |       |       ||   210
       Punch             |       |     2 |     3 |     1 ||     6
       Demon whip        |       |    20 |   225 |    45 ||   290
Invok: Berserk           |       |       |     2 |     1 ||     3
  Use: Scroll            |       |     8 |    10 |       ||    18
       Potion            |       |       |     8 |       ||     8
Armor: Chain mail        |    83 |    90 |   110 |    26 ||   309
       Animal skin       |     3 |       |       |       ||     3
Dodge: Dodged            |    36 |    75 |    96 |    30 ||   237

Table legend: (Time is in decaauts)
 A = Elapsed time spent in this place.
 B = Non-inter-level travel time spent in this place.
 C = Inter-level travel time spent in this place.
 D = Time resting spent in this place.
 E = Time spent auto-exploring this place.
 F = Levels seen in this place.
 G = Mean time per level.
                   A        B        C        D        E       F      G
               +--------+--------+--------+--------+--------+-----+--------+
         Total |   6469 |   6120 |    349 |      0 |   4934 |  10 |  646.9 |
       Dungeon |   6283 |   5952 |    331 |      0 |   4780 |   9 |  698.1 |
        Temple |    185 |    167 |     18 |      0 |    154 |   1 |  185.0 |
               +--------+--------+--------+--------+--------+-----+--------+

Top non-repeatable levels by time:
     D:7: 930 daAuts
     D:1: 851 daAuts
     D:2: 788 daAuts
     D:8: 767 daAuts
     D:3: 752 daAuts
     D:4: 709 daAuts
     D:6: 706 daAuts
     D:5: 663 daAuts
  Temple: 185 daAuts
     D:9: 114 daAuts
